AoeStats
← A Bá

Black Forest

509877169Analyzed
4v4 RM · 5d ago on Sep 28, 2026· 33m 36s· 8 players
Game mode
Random Map
Map size
Large (8 player)
Population
200
Speed
Normal
Resources
Standard
Victory
Conquest
Starting age
Dark Age
Ending age
Imperial Age
RankedLock teamsTeams togetherTeam positionsShared explorationLock speedFull tech treeHidden civsTurbo modeCheats
Victory
Defeat
🇦🇷 Malay · Argentina
1322
+15
🇹🇼 Varangians · Taiwan
1299
+16
🇭🇰 Cumans · Hong Kong SAR China
1297
+16
🇮🇳 Hindustanis · India
1296
+16
🇻🇳 Slavs · Vietnam
1331
-16
🇻🇳 Britons · Vietnam
1318
-17
🇦🇺 Danes · Australia
1288
-15
🇻🇳 Teutons · Vietnam
1274
-15
CrisTheOne
7:23 Loom
10:40 Feudal Age
9:49 Man-at-Arms
10:25 Arson
15:32 Forging
26:03 Castle Age
25:10 Long Swordsman
26:21 Squires
maniaaaaaac
0:52 Loom
12:02 Feudal Age
16:03 Castle Age
14:01 Double-Bit Axe
15:11 Horse Collar
16:57 Bow Saw
24:00 Bloodlines
23:51 Husbandry
23:57 Scale Barding Armor
24:02 Forging
27:28 Chain Barding Armor
27:44 Iron Casting
27:56 Wheelbarrow
28:49 Iron Casting
28:26 Gold Mining
28:26 Stone Mining
30:42 Hand Cart
35:05 Imperial Age
34:00 Gold Shaft Mining
34:02 Stone Shaft Mining
34:02 Heavy Plow
J43SMALL
7:30 Loom
10:51 Feudal Age
11:32 Man-at-Arms
15:29 Fletching
15:31 Double-Bit Axe
22:21 Horse Collar
26:11 Wheelbarrow
30:04 Castle Age
31:21 Pikeman
33:58 Forging
33:49 Scale Mail Armor
33:51 Heavy Plow
34:04 Bow Saw
+Matt.Chak
9:19 Feudal Age
9:59 Double-Bit Axe
12:50 Horse Collar
21:42 Castle Age
19:29 Loom
20:14 Scale Barding Armor
20:28 Bloodlines
20:59 Wheelbarrow
20:38 Gold Mining
21:05 Bloodlines
23:01 Gold Shaft Mining
23:35 Bow Saw
23:28 Heavy Plow
24:29 Chain Barding Armor
24:21 Forging
31:15 Iron Casting
A Bá
0:27 Loom
11:39 Feudal Age
12:03 Man-at-Arms
14:31 Fletching
14:43 Arson
23:11 Double-Bit Axe
26:11 Horse Collar
31:31 Castle Age
29:31 Gold Mining
30:23 Scale Mail Armor
31:17 Stone Mining
Súc Vật Du Phong
11:41 Feudal Age
13:07 Double-Bit Axe
16:07 Castle Age
13:55 Loom
14:37 Horse Collar
17:25 Bow Saw
20:23 Heavy Plow
24:49 Wheelbarrow
26:38 Hand Cart
29:42 Imperial Age
27:42 Scale Barding Armor
29:00 Masonry
29:51 Bloodlines
29:56 Forging
30:36 Capped Ram
30:44 Cavalier
32:51 Iron Casting
32:36 Chain Barding Armor
piecardinap
10:28 Loom
13:09 Feudal Age
17:07 Castle Age
14:58 Horse Collar
20:18 Wheelbarrow
23:04 Scale Barding Armor
24:47 Bloodlines
27:21 Gold Mining
27:22 Stone Mining
27:29 Double-Bit Axe
28:29 Chain Barding Armor
28:20 Forging
mryendl2410
1:22 Loom
12:59 Feudal Age
16:31 Castle Age
15:00 Fletching
22:31 Bodkin Arrow
23:01 Crossbowman
25:35 Padded Archer Armor
27:45 Ballistics
Connection lost

Rejoining the realm…

Still unreachable

The connection could not be restored.

Session expired

The server has moved on; the page needs a fresh start.